 Dungeon Crawl Stone Soup version 0.30.0-10-gfe55d96785 (webtiles) character file.

Game seed: 7041196855325656461

549 ProzacElf the Slasher (level 7, -6/50 HPs)
             Began as a Djinni Fighter on May 15, 2023.
             Mangled by an iguana (11 damage)
             ... on level 4 of the Dungeon on May 16, 2023.
             The game lasted 00:08:18 (3359 turns).

ProzacElf the Slasher (Djinni Fighter)              Turns: 3359, Time: 00:08:18

Health: -6/50      AC:  9    Str: 17    XL:     7   Next: 54%
Gold:   14         EV:  9    Int: 10    God:
                   SH:  4    Dex: 12

rFire   + + .        a - +0 long sword
rCold   x . .        c - +0 buckler
rNeg    . . .        b - +0 scale mail
rPois   ∞            B - +0 helmet
rElec   .            (no cloak)
rCorr   +            s - +0 pair of gloves
SInv    .            (boots unavailable)
Will    .....        (no amulet)
Stlth   +            r - ring of resist corrosion
HPRegen 0.28/turn    (no ring)
MPRegen 0.00/turn

%: infuse magic (-7 HP)
@: flying
A: sickness immunity, fire resistance 2, cold vulnerability 1, float, innate
caster, HP casting, extra vitality 1
a: no special abilities


You were on level 4 of the Dungeon.
You visited 1 branch of the dungeon, and saw 4 of its levels.

You collected 190 gold pieces.
You spent 176 gold pieces at shops.

Inventory:

Hand Weapons
 a - a +0 long sword (weapon)
Missiles
 q - 7 boomerangs (quivered)
 y - 9 poisoned darts
Armour
 b - a +0 scale mail (worn)
 c - a +0 buckler (worn)
 n - a +0 plate armour
 s - a +0 pair of gloves (worn)
 B - a +0 helmet (worn)
Magical Staves
 l - a staff of cold
Jewellery
 r - a ring of resist corrosion (left hand)
Wands
 o - a wand of iceblast (7)
 C - a wand of polymorph (3)
 F - a wand of flame (16)
Scrolls
 e - a scroll of acquirement {unknown}
 f - 7 scrolls of identify {unknown}
 g - 2 scrolls of immolation {unknown}
 h - a scroll of amnesia {unknown}
 i - 3 scrolls of magic mapping {unknown}
 j - a scroll of fear {unknown}
 m - a scroll of torment {unknown}
 p - a scroll of blinking {unknown}
 v - 3 scrolls of enchant weapon {unknown}
 w - a scroll of teleportation {unknown}
 A - a scroll of fog {unknown}
 E - a scroll of brand weapon {unknown}
 H - a scroll of butterflies {unknown}
Potions
 d - a potion of might
 k - a potion of attraction {unknown}
 t - a potion of lignification
 u - 2 potions of degeneration {unknown}
 x - a potion of heal wounds {unknown}
 z - a potion of flight {unknown}
 D - 2 potions of curing
 G - a potion of haste


   Skills:
 - Level 3.0 Fighting
 + Level 5.6 Long Blades
 - Level 3.0 Armour
 - Level 3.0 Stealth
 - Level 3.0 Shields
 + Level 2.7 Evocations


You knew the following spells:

 Your Spells              Type           Power      Damage    Failure   Level
a - Magic Dart            Conj           0%         1d3       85%         1
b - Portal Projectile     Hex/Tloc       0%         N/A       99%         3
o - Blink                 Tloc           0%         N/A       94%         2
Your spell library was empty.

Dungeon Overview and Level Annotations

Branches:
Dungeon (4/15)
 Temple: D:4-7

Altars:

Shops:
D:2 !


Innate Abilities, Weirdness & Mutations

You are immune to sickness and miasma.
You are immune to poison.
Your flesh is very heat resistant. (rF++)
You are vulnerable to cold. (rC-)
You float through the air rather than walking.
You learn spells naturally, not from books.
Your magical power is your life essence.
You have superior vitality. (+4 MHP)


Message History

Ye closely miss tha iguana.
Tha iguana bites ye!
Ye take 11 damage, an' haf 31/50 hp.
MASSIVE DAMAGE!!
Ye barely miss tha iguana.
Tha iguana bites ye!
Ye take 8 damage, an' haf 23/50 hp.
Ye be too injured ta fight recklessly!
Ye be too injured ta fight recklessly!
Ye be too injured ta fight recklessly!
Ye be too injured ta fight recklessly!
Ye be too injured ta fight recklessly!
Ye be too injured ta fight recklessly!
Ye be too injured ta fight recklessly!
Ye be too injured ta fight recklessly!
Ye be too injured ta fight recklessly!
Ye be too injured ta fight recklessly!
Ye be too injured ta fight recklessly!
Ye be too injured ta fight recklessly!
Ye slash tha iguana!
Tha iguana be heavily wounded.
Tha iguana closely misses ye.
Ye barely miss tha iguana.
Tha iguana be heavily wounded.
Tha iguana bites ye!
* * * LOW HITPOINT WARNIN'
* * * Tha iguana closely misses ye.
Ye take 10 damage, an' haf 14/50 hp.
Ye barely miss tha iguana.
Tha iguana be heavily wounded.
Ye block tha iguana's attack.
Ye closely miss tha iguana.
Tha iguana be heavily wounded.
Tha iguana completely misses ye.
Ye hit tha iguana.
Tha iguana be severely wounded.
Tha iguana bites ye!
* * * LOW HITPOINT WARNIN'
* * * Ye take 10 damage, an' haf 5/50 hp.
Ye hit tha iguana but do nay damage.
Tha iguana be severely wounded.
Tha iguana bites ye!
Ye die...

##+##### #......#######
#............#
#............#
#...?........#
#.......^....#
#.....@l.....#
#............#
##....###..###
#######....###..#
.................#
................ #
#######..............
#.#.#.###.##.##+##...
#.#.#.###.##.##.##...##


You could see an iguana.

Vanquished Creatures
  Grinder (D:3)
  A centaur (D:3)
  An orc priest (D:3)
  Jessica (D:3)
  Natasha (thrice) (D:3)
  7 adders
  3 worms
  3 dart slugs (D:2)
  7 orcs
  6 endoplasms
  5 giant cockroaches
  10 goblins
  6 hobgoblins
  2 jackals (D:3)
  2 quokkas
  4 ball pythons
  6 bats
  6 kobolds
  4 rats
78 creatures vanquished.

Notes
Turn   | Place    | Note
-------+----------+-------------------------------------------
     0 | D:1      | ProzacElf the Djinni Fighter began the quest for the Orb.
     0 | D:1      | Reached XP level 1. HP: 20/20 MP: 0/0
   227 | D:1      | Reached skill level 2 in Long Blades
   317 | D:1      | Reached XP level 2. HP: 19/25 MP: 0/0
   321 | D:1      | Reached skill level 1 in Stealth
   638 | D:1      | Reached XP level 3. HP: 30/30 MP: 0/0
   638 | D:1      | Learned a level 1 spell: Magic Dart
  1174 | D:2      | Reached XP level 4. HP: 15/35 MP: 0/0
  1413 | D:2      | Found Hypsi's Distillery.
  1419 | D:2      | Bought a potion of curing for 33 gold pieces
  1419 | D:2      | Bought a potion of lignification for 33 gold pieces
  1530 | D:2      | Reached skill level 3 in Long Blades
  1716 | D:2      | Reached XP level 5. HP: 40/40 MP: 0/0
  1716 | D:2      | Learned a level 2 spell: Blink
  1896 | D:3      | Noticed Grinder
  1900 | D:3      | Paralysed by Grinder for 5 turns
  1903 | D:3      | HP: 1/40 [Grinder (4)]
  1910 | D:3      | Paralysed by Grinder for 3 turns
  1914 | D:3      | Paralysed by Grinder for 3 turns
  1919 | D:3      | Killed Grinder
  1920 | D:3      | Reached skill level 4 in Long Blades
  1920 | D:3      | Reached XP level 6. HP: 41/46 MP: 0/0
  2096 | D:3      | Noticed Natasha
  2106 | D:3      | Killed Natasha
  2107 | D:3      | Reached skill level 5 in Long Blades
  2444 | D:3      | Reached skill level 1 in Evocations
  2524 | D:3      | Noticed Jessica
  2529 | D:3      | Killed Jessica
  2530 | D:3      | Reached XP level 7. HP: 49/50 MP: 0/0
  2530 | D:3      | Learned a level 3 spell: Portal Projectile
  2530 | D:3      | Noticed Natasha
  2545 | D:3      | Killed Natasha
  2741 | D:3      | Noticed Natasha
  2753 | D:3      | Killed Natasha
  3021 | D:2      | Bought a potion of haste for 110 gold pieces
  3359 | D:4      | Mangled by an iguana

Illustrated notes

Levels and vault maps discovered:
D:1:      dpeg_arrival_yet_another_circle, layout_loops_corners
D:2:      layout_basic, serial_shops, shop, minmay_randomly_rotated_circles
D:3:      layout_basic, lemuel_blue_sif_altar, dk_vineyard_3,
          kennysheep_generic_room_9, uniq_jessica, uniq_grinder, uniq_natasha
D:4:      layout_gridville, minmay_misc_feat_hallway,
          dreamdust_princess_corridor

Skill      XL: |  1  2  3  4  5  6  7 |
---------------+----------------------+-----
Long Blades    | 2 3 4 5 |  5.6
Stealth        | 1 2 3 |  3.0
Evocations     | 1 2 |  2.7
Fighting       | |  3.0
Armour         | |  3.0
Shields        | |  3.0

Action                     |  1- 3 |  4- 6 |  7- 9 || total
---------------------------+-------+-------+-------++-------
  Melee: Long sword        |    97 |   104 |    87 ||   288
         Unarmed           |       |       |     9 ||     9
  Evoke: Wand              |       |     4 |     1 ||     5
    Use: Potion            |       |     3 |       ||     3
 Armour: Scale mail        |    45 |    52 |    37 ||   134
         Skin              |       |       |     2 ||     2
  Dodge: Dodged            |    44 |    53 |    39 ||   136
  Block: Buckler           |    27 |    15 |    20 ||    62

Action                     |  1- 3 |  4- 6 |  7- 9 || total
---------------------------+-------+-------+-------++-------
  Melee: Long sword        |    97 |   104 |    87 ||   288
         Unarmed           |       |       |     9 ||     9
  Evoke: Wand              |       |     4 |     1 ||     5
    Use: Potion            |       |     3 |       ||     3
 Armour: Scale mail        |    45 |    52 |    37 ||   134
         Skin              |       |       |     2 ||     2
  Dodge: Dodged            |    44 |    53 |    39 ||   136
  Block: Buckler           |    27 |    15 |    20 ||    62

Levels and vault maps discovered:
D:1:      dpeg_arrival_yet_another_circle, layout_loops_corners
D:2:      layout_basic, serial_shops, shop, minmay_randomly_rotated_circles
D:3:      layout_basic, lemuel_blue_sif_altar, dk_vineyard_3,
          kennysheep_generic_room_9, uniq_jessica, uniq_grinder, uniq_natasha
D:4:      layout_gridville, minmay_misc_feat_hallway,
          dreamdust_princess_corridor
